 Dungeon Crawl Stone Soup version 0.25.1-2-g60ff931df9 (webtiles) character file.

Game seed: 13907614249379507006

72 lepoulpe303 the Chopper (level 4, -1/40 HPs)
             Began as a Hill Orc Monk on Aug 17, 2020.
             Was a Believer of Okawaru.
             Slain by an orc wizard
             ... wielding a cursed +0 dagger
              (2 damage)
             ... on level 3 of the Dungeon.
             The game lasted 00:04:45 (2053 turns).

lepoulpe303 the Chopper (Hill Orc Monk)             Turns: 2053, Time: 00:04:45

Health: -1/40      AC:  3    Str: 11 (14) XL:     4   Next: 26%
Magic:  4/4        EV: 12    Int:  8 (10) God:    Okawaru [**....]
Gold:   96         SH:  0    Dex: 11 (13) Spells: 3/3 levels left

rFire    . . .     SeeInvis .   a - +1 hand axe
rCold    . . .     Gourm    .   (no shield)
rNeg     . . .     Faith    .   h - +0 leather armour (curse)
rPois    .         Spirit   .   (no helmet)
rElec    .         Reflect  .   (no cloak)
rCorr    .         Harm     .   (no gloves)
MR       .....                  (no boots)
Stlth    +.........             (no amulet)
HPRegen  0.13/turn              (no ring)
MPRegen  0.09/turn              (no ring)

@: brilliant
A: no striking features
a: Heroism, Renounce Religion


You were on level 3 of the Dungeon.
You worshipped Okawaru.
Okawaru was pleased with you.
You were not hungry.

You visited 1 branch of the dungeon, and saw 3 of its levels.

You collected 96 gold pieces.

Inventory:

Hand Weapons
 a - a +1 hand axe (weapon)
Missiles
 g - 19 poisoned darts (quivered)
Armour
 b - a +0 robe
 h - a cursed +0 leather armour (worn)
 k - a cursed +0 scale mail
 l - a +0 ring mail of cold resistance
Scrolls
 c - a scroll of enchant armour
 f - 2 scrolls of fog
 i - a scroll of identify
 t - 2 scrolls of teleportation
Potions
 d - a potion of brilliance
Comestibles
 e - 3 rations
 m - 7 chunks of flesh


   Skills:
 + Level 4.1 Fighting
 * Level 5.1 Axes
 + Level 1.2 Armour
 * Level 3.0 Dodging
 - Level 1.5 Stealth


You had 3 spell levels left.
You didn't know any spells.
Your spell library contained the following spells:

 Spells                   Type           Power        Failure   Level  Hunger
 Confusing Touch          Hex            #.......     86%         3    None
 Gell's Gravitas          Tloc           #.........   86%         3    None
 Petrify                  Tmut/Erth      #.......     99%         4    None
 Metabolic Englaciation   Hex/Ice        #.........   100%        5    None
 Yara's Violent Unravell  Hex/Tmut       #.........   100%        5    None


Dungeon Overview and Level Annotations

Branches:
Dungeon (3/15)

Altars:
Elyvilon
Kikubaaqudgha
Nemelex Xobeh
Okawaru
Xom
Zin


Message History

You feel dopey.
You feel clumsy.
Something hits you but does no damage. x2
You closely miss something. Something hits you but does no damage.
Throwing (i - inventory)
g - 20 poisoned darts (quivered)
Aim: an orc, wielding a +0 dagger (lightly wounded)
You throw a poisoned dart.
The poisoned dart barely misses the orc.
Something hits you.
* * * LOW HITPOINT WARNING * * *
You hear some strange, mumbled words.
A puff of flame appears from out of thin air!
The puff of flame misses you.
You take 2 damage, and have 4/40 hp.
You barely miss something. Something hits you.
* * * LOW HITPOINT WARNING * * *
You take 3 damage, and have 1/40 hp.
You closely miss something. Something hits you but does no damage.
Something hits you.
You die...

#### #..######## .8.#
#.......... ._8#
#.######### ...# #.#
...# #.# ..8# #.# ...#
#.#
..8###.################
####............@{o...#
#....##################
#.#### #.# #.# ..# ###


You could see an orc.

Levels and vault maps discovered:
D:1:      psy_arrival_radial01, layout_basic
D:2:      layout_basic, okawaru_gym_becter
D:3:      layout_basic, doesnt_xom_only_xom, nicolae_overflow_hidden_temple,
          elyvilon_altar_5, first_ration, chequers_ecumenical_altar_simple,
          corexii_corridor_pit

Notes
Turn   | Place    | Note
-------+----------+-------------------------------------------
     0 | D:1      | lepoulpe303 the Hill Orc Monk began the quest for the Orb.
     0 | D:1      | Reached XP level 1. HP: 19/19 MP: 1/1
    27 | D:1      | Identified a +0 club
    83 | D:1      | Identified a cursed -2 leather armour (You found it on
                  | level 1 of the Dungeon)
    83 | D:1      | Identified a scroll of identify
   109 | D:1      | Identified a +0 short sword
   180 | D:1      | Reached XP level 2. HP: 14/27 MP: 2/2
   381 | D:1      | Identified 2 scrolls of enchant armour
   391 | D:1      | Identified a scroll of amnesia
   829 | D:1      | Reached XP level 3. HP: 31/33 MP: 3/3
  1067 | D:2      | Found an iron altar of Okawaru.
  1071 | D:2      | Became a worshipper of Warmaster Okawaru
  1071 | D:2      | Reached * piety under Okawaru
  1071 | D:2      | Reached ** piety under Okawaru
  1200 | D:2      | Identified a +0 short sword
  1213 | D:2      | Reached skill level 1 in Armour
  1294 | D:2      | Identified 2 scrolls of teleportation
  1295 | D:2      | Identified a scroll of fog
  1296 | D:2      | Identified a scroll of enchant weapon
  1360 | D:2      | Identified a +0 club
  1483 | D:2      | Reached skill level 4 in Fighting
  1588 | D:2      | You fall into a shaft and drop 1 floor!
  1598 | D:3      | Found a faded altar of an unknown god.
  1605 | D:3      | Identified a +0 whip
  1609 | D:3      | Reached skill level 3 in Dodging
  1667 | D:3      | Reached skill level 5 in Axes
  1667 | D:3      | Reached XP level 4. HP: 33/40 MP: 4/4
  1828 | D:3      | Identified a scroll of random uselessness
  1856 | D:3      | Identified a +0 club
  1904 | D:3      | Identified a +0 club
  1912 | D:3      | Found a white marble altar of Elyvilon.
  1993 | D:3      | Found a glowing silver altar of Zin.
  1995 | D:3      | Found a snail-covered altar of Cheibriados.
  1995 | D:3      | Found a sparkling altar of Nemelex Xobeh.
  1997 | D:3      | Found an ancient bone altar of Kikubaaqudgha.
  1997 | D:3      | Found a glowing silver altar of Zin.
  1997 | D:3      | Found a shimmering altar of Xom.
  2026 | D:3      | Identified a +0 dagger
  2029 | D:3      | Identified a +0 hand axe
  2029 | D:3      | Identified a +0 leather armour
  2030 | D:3      | Identified a cursed +0 dagger
  2030 | D:3      | Identified a +0 robe
  2047 | D:3      | HP: 7/40 [something/puff of flame (14)]
  2048 | D:3      | Identified 2 potions of brilliance
  2049 | D:3      | Identified a potion of degeneration
  2052 | D:3      | HP: 1/40 [something (3)]
  2053 | D:3      | Slain by an orc wizard

Table legend:
 A = Turns spent in this place as a percentage of turns spent in the entire game.
 B = Non-inter-level travel turns spent in this place as a percentage of non-inter-level travel turns spent in the entire game.
 C = Inter-level travel turns spent in this place as a percentage of turns spent in this place.
 D = Turns resting spent in this place as a percentage of non-inter-level travel turns spent in this place.
 E = Turns spent auto-exploring this place as a percentage of non-inter-level travel turns spent in this place.
 F = Non-inter-level travel turns spent in this place divided by the number of levels of this place that you've seen.
                   A       B       C       D       E      F
               +-------+-------+-------+-------+-------+----------------------
         Total | 100.0 | 100.0 |   0.8 |  23.0 |  54.6 | 679.0
       Dungeon | 100.0 | 100.0 |   0.8 |  23.0 |  54.6 | 679.0
               +-------+-------+-------+-------+-------+----------------------

Table legend:
 A = Kills in this place as a percentage of kills in entire the game.
 B = Kills by you in this place as a percentage of kills by you in the entire game.
 C = Kills by friends in this place as a percentage of kills by friends in the entire game.
 D = Other kills in this place as a percentage of other kills in the entire game.
 E = Experience gained in this place as a percentage of experience gained in the entire game.
 F = Experience gained in this place divided by the number of levels of this place that you have seen.
                   A       B       C       D       E      F
               +-------+-------+-------+-------+-------+----------------------
         Total | 100.0 | 100.0 |   N/A |   N/A | 100.0 |  34.7
       Dungeon | 100.0 | 100.0 |   N/A |   N/A | 100.0 |  34.7
               +-------+-------+-------+-------+-------+----------------------

Skill      XL: |  1  2  3 |
---------------+----------+-----
Armour         | 1 |  1.2
Fighting       | 4 |  4.1
Dodging        | 3 |  3.0
Axes           | 5 |  5.1
Stealth        | |  1.5

Action                   |  1- 3 |  4- 6 || total
-------------------------+-------+-------++-------
Melee: Hand axe          |    76 |    51 ||   127
Throw: Dart              |    11 |     1 ||    12
  Use: Scroll            |     7 |     1 ||     8
       Potion            |       |     2 ||     2
 Stab: Sleeping          |     1 |     1 ||     2
       Distracted        |     1 |       ||     1
  Eat: Chunk             |     2 |     2 ||     4
Armor: Leather armour    |    16 |    18 ||    34
Dodge: Dodged            |    68 |    42 ||   110

Vanquished Creatures
  A gnoll (D:1)
  2 adders
  A worm (D:2)
  3 dart slugs
  A leopard gecko (D:1)
  An orc (D:3)
  4 bats
  A giant cockroach (D:3)
  2 goblins (D:2)
  3 hobgoblins
  2 quokkas (D:3)
  A ball python (D:1)
  4 frilled lizards
  6 kobolds
  3 rats
35 creatures vanquished.
